 Dungeon Crawl Stone Soup version 0.31-a0-662-g684573625c (webtiles) character file.

Game seed: 6500238002181041892

556516 GordonOverkill the Conqueror (level 25, -3/168 (187) HPs)
             Began as a Tengu Delver on Sept 1, 2023.
             Was the Champion of Trog.
             Killed from afar by a Tzitzimitl (7 damage)
             ... with a bolt of negative energy
             ... called by a doom hound
             ... on level 2 of the Realm of Zot.
             The game lasted 02:55:37 (74817 turns).

GordonOverkill the Conqueror (Tengu Delver)        Turns: 74817, Time: 02:55:38

HP:   -3/168 (187)  AC: 31    Str: 29 (30) XL:     25   Next: 86%
MP:   7/7           EV: 23    Int: 12 (13) God:    Trog [******]
Gold: 1919          SH: 29    Dex: 21      Spells: 24/24 levels left

rFire   + + +        Q - +9 demon trident (antimagic)
rCold   + . .        W - +0 tower shield
rNeg    . . .        U - +3 plate armour of Bihoxt {rF+++}
rPois   +            T - +2 hat
rElec   +            Z - +2 cloak "Jymaecw" {rC+ Str+3}
rCorr   +            R - -1 pair of gloves of Sharp Salvation {+Blink rElec rCorr Dex+4}
SInv    .            (boots unavailable)
Will    +....        E - amulet of reflection Stlth
                     O - +6 ring of strength
HPRegen 0.48/turn    N - +4 ring of protection
MPRegen 0.10/turn

%: reflection, acrobat
@: doom-hounded, on berserk cooldown, flying, slowed, studying Long Blades,
heavily drained, very slow
A: beak, talons 3, evasive flight, acrobatic, claws 1, low MP 1, mutation
resistance 1, poison resistance
}: 4/15 runes: decaying, silver, abyssal, gossamer
a: Renounce Religion, Evoke Blink, Berserk, Trog's Hand, Brothers in Arms


You were on level 2 of the Realm of Zot.
You worshipped Trog.
Trog was exalted by your worship.
You visited 10 branches of the dungeon, and saw 45 of its levels.
You visited the Abyss 2 times.
You also visited: Ossuary, Ice Cave and Wizlab.

You collected 7966 gold pieces.
You spent 6047 gold pieces at shops.

Inventory:

Hand Weapons
 q - a +7 demon trident of freezing
 Q - a +9 antimagic demon trident (weapon)
Missiles
 v - 49 boomerangs (quivered)
 D - 7 throwing nets
 P - 16 curare-tipped darts
Armour
 n - a scarf of resistance
 u - a +3 plate armour of cold resistance
 R - the -1 pair of gloves of Sharp Salvation (worn) {+Blink rElec rCorr Dex+4}
   (You bought it in a shop on level 3 of the Vaults)

   Dex+4:     It affects your dexterity (+4).
   rElec:     It insulates you from electricity.
   +Blink:    It lets you blink.
   rCorr:     It protects you from acid and corrosion.
 T - a +2 hat (worn)
 U - the +3 plate armour of Bihoxt (worn) {rF+++}
   (You found it on level 2 of the Elven Halls)

   rF+++:     It renders you almost immune to fire.
 W - a +0 tower shield (worn)
 Z - the +2 cloak "Jymaecw" (worn) {rC+ Str+3}
   (You found it in a wizard's laboratory)

   Str+3:     It affects your strength (+3).
   rC+:       It protects you from cold.
Jewellery
 C - a ring of protection from fire
 E - an amulet of reflection (around neck)
 N - a +4 ring of protection (right hand)
 O - a +6 ring of strength (left hand)
Wands
 e - a wand of iceblast (31)
 g - a wand of digging (32)
 x - a wand of paralysis (34)
 A - a wand of light (41)
 I - a wand of mindburst (25)
 K - a wand of polymorph (11)
 Y - a wand of flame (52)
Scrolls
 c - 8 scrolls of fog
 d - 5 scrolls of blinking
 h - 18 scrolls of teleportation
 i - 3 scrolls of immolation
 l - 3 scrolls of revelation
 o - 8 scrolls of vulnerability
 r - 27 scrolls of identify
 t - 12 scrolls of poison
 w - 7 scrolls of fear
 H - 2 scrolls of silence
 L - 5 scrolls of summoning
 M - 13 scrolls of enchant armour
Potions
 a - 6 potions of resistance
 b - 4 potions of cancellation
 f - 5 potions of haste
 j - 6 potions of berserk rage
 k - 7 potions of lignification
 p - 29 potions of curing
 y - 5 potions of invisibility
 z - 3 potions of mutation
 B - 14 potions of enlightenment
 F - 11 potions of heal wounds
 G - 3 potions of might
 X - 8 potions of ambrosia
Miscellaneous
 m - a box of beasts
 s - a phial of floods
 J - a lightning rod (4/4)
 S - a phantom mirror
 V - a tin of tremorstones (2/2)


   Skills:
 O Level 27 Fighting
 - Level 16.0 Polearms
 - Level 1.0 Throwing
 - Level 18.0 Armour
 - Level 18.0 Dodging
 - Level 5.0 Stealth
 + Level 22.4 Shields
 - Level 15.0 Evocations


You had 24 spell levels left.
You didn't know any spells.
Your spell library contained the following spells:

 Spells                   Type           Power      Damage    Failure   Level
 Summon Small Mammal      Summ           0%         N/A       91%         1
 Ensorcelled Hibernation  Hex/Ice        0%         N/A       97%         2
 Passwall                 Tmut/Erth      0%         N/A       97%         2
 Call Canine Familiar     Summ           0%         N/A       99%         3
 Summon Guardian Golem    Hex/Summ       0%         N/A       99%         3
 Swiftness                Air            0%         N/A       99%         3
 Anguish                  Hex/Necr       0%         N/A       100%        4
 Cause Fear               Hex            0%         N/A       100%        4
 Enfeeble                 Hex            0%         N/A       100%        7


Dungeon Overview and Level Annotations

Branches:
Dungeon (15/15)            Temple (1/1) D:5            Lair (5/5) D:11
  Swamp (4/4) Lair:3       Spider (4/4) Lair:3        Slime (0/5) Lair:4
    Orc (2/2) D:9             Elf (3/3) Orc:2        Vaults (5/5) D:14
  Crypt (0/3) Vaults:2     Depths (4/4) D:15            Zot (2/5) Depths:4
Ossuary (visited)           IceCv (visited)          WizLab (visited)

Altars:
Ashenzari
Cheibriados
Dithmenos
Elyvilon
Fedhas
Gozag
Hepliaklqana
Kikubaaqudgha
Makhleb
Nemelex Xobeh
Okawaru
Qazlal
Ru
Sif Muna
Trog
Uskayaw
Vehumet
Wu Jian
Xom
Yredelemnul
Zin
The Shining One
Jiyva
Lugonu

Shops:
D:7 *   D:10 !(   Orc:2 (*[[   Elf:1 =[=?*   Vaults:1 *   Vaults:3 :([[
Vaults:4 =   Vaults:5 [[**:????!   Depths:4 *

Portals:
Hell: Depths:1 Depths:2 Depths:3 Depths:4
Abyss: Lair:5 Depths:3
Pandemonium: Depths:1 Depths:2 Depths:4
Ziggurat: Depths:1

Annotations:
D:11 3 transporters


Innate Abilities, Weirdness & Mutations

You have a beak for a mouth.
You have claws for feet.
Your magical flight helps you evade attacks. (EV +4)
You can magically evade attacks while moving or waiting.
You have sharp fingernails.
Your magical capacity is low. (-10% MP)
You are somewhat resistant to further mutation.
Your system is resistant to poisons. (rPois)


Message History

The bone dragon completely misses you.
The bone dragon claws you but does no damage.
The bone dragon tramples you but does no damage.
You feel a strong urge to attack something.
You feel very sick.
The putrid mouth attacks as it pursues you!
You block the putrid mouth's attack. x2
A Tzitzimitl comes into view.
You are no longer berserk.
You are exhausted.
You feel as though you will be slow longer.
You feel very sick. The putrid mouth throws miasma at you.
The foul vapour engulfs the bone dragon.
The bone dragon completely resists.
The Tzitzimitl gestures at you. The bolt of negative energy hits you!!
You feel drained.
* * * LOW HITPOINT WARNING * * *
Unknown command.
You feel better.
You are engulfed in dark miasma.
You are lethally poisoned!
* * * LOW HITPOINT WARNING * * *
The infernal howling subsides.
* * * LOW HITPOINT WARNING * * *
You feel very sick.
The Tzitzimitl calls on the powers of darkness!
You feel a surge of unholy energy. You block the doom hound's attack. x2
You feel better.
You are engulfed in dark miasma.
You feel as though you will be slow longer.
* * * LOW HITPOINT WARNING * * *
The doom hound unleashes a terrible howl, and it begins to echo in your mind!
You block the bone dragon's attack.
The bone dragon claws you but does no damage.
The bone dragon tramples you but does no damage.
The putrid mouth howls a warning cry! x2
The doom hound completely misses you.
The doom hound claws you but does no damage.
The Tzitzimitl gestures at you. The bolt of negative energy hits you!
You feel drained.
You die...

#####################
#..(........@hW°....#
#...........1DW○....#
#.........^..W°°....#
#####............°.†)...#####
......#################.....#
......# #.....# ......#
#.....# ......# #.....#
####### #.....#


You could see a bone dragon, a doom hound, a Tzitzimitl and 3 putrid mouths.

Vanquished Creatures
  5 ancient liches
  Sojobo (Vaults:2)
  Margery (Vaults:2)
  Bai Suzhen (Vaults:2)
  Xtahua (Vaults:2)
  5 golden dragons
  Nikola (Spider:1)
  Arachne (Spider:4)
  Norris (Vaults:3)
  2 bone dragons
  2 doom hounds (Zot:2)
  2 electric golems (Zot:1)
  Jorgrun (Spider:2)
  8 tentacled monstrosities
  Zenata (Vaults:3)
  4 titans
  6 liches
  A walking divine tome (Depths:3)
  6 quicksilver dragons
  2 deep elf blademasters (Elf:3)
  Grunn (Zot:2)
  2 deep elf master archers (Elf:3)
  2 sphinxes
  An eldritch tentacle (WizLab)
  3 death cobs
  2 draconian monks
  5 tentacled starspawn (Abyss:3)
  Roxanne (Spider:1)
  10 storm dragons
  9 tengu reavers
  15 shadow dragons
  A revenant (Abyss:3)
  Donald (Swamp:2)
  8 fire giants
  20 vault wardens
  3 emperor scorpions
  7 deep elf sorcerers
  12 frost giants
  An angel (WizLab)
  3 draconian shifters
  5 ghost moths
  An iron dragon (Depths:4)
  2 draconian scorchers (Zot:1)
  Louise (Swamp:3)
  15 very ugly things
  2 deep elf elementalists (Elf:3)
  2 orc warlords
  A draconian annihilator (Zot:2)
  2 cacodemons (Depths:1)
  2 formless jellyfish
  11 stone giants
  A reaper (Depths:2)
  A broodmother (Spider:3)
  3 eleionomae
  3 starflowers (Abyss:3)
  21 ironbound preservers
  3 spriggan defenders
  4 war gargoyles
  A black draconian (Zot:1)
  A vampire knight (Depths:3)
  8 dire elephants
  7 ironbound thunderhulks
  6 deep elf annihilators
  3 green draconians
  The ghost of Unaitaokh the Brawler, a journeyman DrMo of Yredelemnul (D:15)
  A bunyip (Swamp:1)
  6 deep elf demonologists
  Snorg (Lair:3)
  5 red draconians
  A yellow draconian (Zot:1)
  3 purple draconians
  2 crystal guardians (Vaults:2)
  A blizzard demon (Depths:1)
  2 white draconians
  3 eidola
  2 spark wasps
  7 ettins
  2 green deaths (Depths:1)
  6 fire dragons
  15 yaktaur captains
  5 deep elf death magi
  4 entropy weavers
  A merfolk impaler (Depths:3)
  5 deep elf high priests
  A shambling mangrove (Swamp:3)
  3 rakshasas
  12 ice dragons
  Josephine (Spider:1)
  5 great orbs of eyes
  29 vault guards
  3 peacekeepers
  Fannar (D:11)
  Erolcha (D:11)
  13 alligators
  3 ghost crabs
  14 hydras
  Erica (Orc:1)
  6 jorogumos
  A catoblepas (Lair:5)
  3 radroaches
  7 boulder beetles
  10 centaur warriors
  8 ironbound frosthearts
  5 spriggan air magi
  2 sphinx skeletons
  A two-headed ogre (shapeshifter) (Vaults:5)
  4 tengu warriors
  3 two-headed ogres
  26 dancing weapons
  7 deep troll earth magi
  A vampire mage (Depths:2)
  2 deep troll shamans (Depths:1)
  8 spriggan berserkers
  5 death yaks (Lair:5)
  7 thrashing horrors
  A storm dragon zombie (Depths:2)
  5 sun demons
  6 demonic crawlers
  Nergalle (Lair:3)
  Sonja (Lair:3)
  4 wretched stars (Abyss:3)
  11 hell knights
  8 skeletal warriors
  2 soul eaters (Depths:1)
  2 skysharks (Vaults:3)
  A spectral bunyip (Swamp:4)
  A shock serpent (shapeshifter) (Abyss:3)
  A titan skeleton (Depths:2)
  23 deep elf knights
  3 shadow wraiths
  2 pharaoh ants
  A golden dragon zombie (Depths:2)
  4 iron trolls (Depths:1)
  2 sixfirhies (Depths:1)
  4 goliath frogs (Swamp:2)
  2 flayed ghosts
  3 spriggan druids
  2 swamp dragons
  A deep troll (shapeshifter) (Vaults:4)
  8 bog bodies
  2 sun moths (Spider:4)
  4 glowing orange brains
  16 ironbound convokers
  14 wizards
  57 deep trolls
  16 orb spiders
  An anaconda skeleton (Abyss:3)
  3 spectral hydras (Swamp:4)
  13 deep elf archers
  2 obsidian statues
  11 lindwurms
  38 deep elf pyromancers
  5 steelbarb worms
  7 necromancers
  Pikel (D:9)
  31 deep elf zephyrmancers
  13 orc knights
  8 mana vipers (Depths:1)
  A golden dragon skeleton (Depths:2)
  4 alligator zombies (Swamp:4)
  3 phantasmal warriors
  17 wolf spiders
  2 oklob plants
  9 orc sorcerers
  35 ugly things
  2 manticores
  6 cyclopes
  A manticore (shapeshifter) (Vaults:5)
  A worldbinder (WizLab)
  Joseph (D:8)
  4 will-o-the-wisps
  10 moths of wrath
  16 elephants
  An ice statue (IceCv)
  3 black mambas
  20 vault sentinels
  9 gargoyles
  2 torpor snails (Spider:1)
  5 smoke demons
  An orange demon (Depths:1)
  A demonspawn skeleton (WizLab)
  Jeremiah (D:8)
  13 cane toads
  2 swamp worm zombies (Swamp:4)
  3 unseen horrors
  8 komodo dragons
  2 kobold demonologists
  9 rime drakes
  2 tormentors (Depths:1)
  37 yaktaurs
  2 human skeletons (WizLab)
  8 freezing wraiths
  An efreet (Abyss:3)
  An ancient zyme (WizLab)
  19 ice devils
  2 anaconda simulacra (IceCv)
  5 tengu conjurers
  A red devil (Depths:1)
  8 trolls
  2 yaktaur skeletons
  5 hydra zombies (Swamp:4)
  3 meliai (Spider:3)
  A polar bear (Lair:3)
  3 hellwings
  Prince Ribbit (D:8)
  A wolf spider simulacrum (D:15)
  12 hornets
  31 blink frogs
  A wind drake (shapeshifter) (Lair:5)
  26 tarantellas
  6 tyrant leeches
  A raiju (Lair:5)
  2 spectral swamp dragons (Swamp:4)
  15 dream sheep
  Sigmund (D:6)
  15 spriggans
  29 slime creatures
  23 culicivoras
  5 shadows
  4 air elementals
  6 ynoxinuls
  13 small abominations
  7 wraiths
  33 jumping spiders
  A dire elephant simulacrum (IceCv)
  4 wyverns
  A human (shapeshifter) (Lair:5)
  A yak (shapeshifter) (Elf:3)
  33 yaks
  6 basilisks
  15 water elementals
  5 fire elementals
  17 humans (D:14)
  A neqoxec (Abyss:3)
  A death yak simulacrum (IceCv)
  A yaktaur simulacrum (Vaults:3)
  31 redbacks
  18 starcursed masses (Abyss:3)
  3 large abominations
  4 steam dragons
  17 vampire mosquitoes
  4 spatial vortices (WizLab)
  A swamp worm (shapeshifter) (Vaults:5)
  3 acid dragons
  A harpy simulacrum (IceCv)
  6 wargs
  9 swamp worms
  2 hydra simulacra (IceCv)
  15 water moccasins
  A floating eye (shapeshifter) (Vaults:4)
  A glowing shapeshifter zombie (Vaults:1)
  A glowing shapeshifter skeleton (Vaults:3)
  An ogre zombie (Vaults:1)
  2 sky beasts (D:7)
  20 orc warriors
  A swamp drake (Swamp:1)
  7 black bears
  A black bear (shapeshifter) (Elf:2)
  3 ice beasts
  2 swamp dragon zombies (Swamp:4)
  An ogre (Orc:2)
  15 wolves
  5 phantoms
  15 centaurs
  A lemure (D:9)
  2 kobold brigands
  2 elf zombies (Ossuary)
  10 bullfrogs
  6 earth elementals
  6 gnoll sergeants
  5 cane toad simulacra (IceCv)
  2 scorpions
  10 wights
  6 elephant simulacra (IceCv)
  9 killer bees
  7 electric eels
  8 howler monkeys
  A howler monkey (shapeshifter) (Vaults:5)
  3 centaur zombies (Ossuary)
  A crimson imp (WizLab)
  2 quasits (Abyss:3)
  7 hounds
  2 human zombies
  17 orc priests
  2 jellies
  3 gnoll boudas
  An iron imp (Abyss:3)
  A sleepcap (D:8)
  3 iguanas
  5 polar bear simulacra (IceCv)
  A spectral swamp drake (Swamp:4)
  33 orc wizards
  2 troll simulacra (IceCv)
  A spriggan simulacrum (IceCv)
  3 wolf simulacra (IceCv)
  2 mummies (Ossuary)
  Robin (D:4)
  30 gnolls
  9 adders
  A naga simulacrum (IceCv)
  A swamp drake zombie (Swamp:4)
  4 shadow imps
  4 white imps
  4 ufetubi
  An adder zombie (Ossuary)
  5 worms (D:2)
  A dart slug (D:1)
  88 orcs
  12 endoplasms
  2 giant cockroaches
  14 goblins
  11 hobgoblins
  12 jackals
  4 quokkas
  14 ball pythons
  15 bats
  3 frilled lizards
  11 hobgoblin zombies (Ossuary)
  A jackal zombie (Ossuary)
  23 kobolds
  12 kobold zombies (Ossuary)
  5 orc zombies (Ossuary)
  10 rats
  A rat zombie (Ossuary)
  3 butterflies (Lair:3)
  A starspawn tentacle (Abyss:3)
2139 creatures vanquished.

Vanquished Creatures (collateral kills)
  A tentacled starspawn (Abyss:3)
  A dire elephant (Vaults:1)
  An eidolon (D:15)
  An ironbound convoker (Vaults:1)
  2 orc knights (Vaults:1)
  A human skeleton (Vaults:1)
  4 yaktaurs (Vaults:1)
11 creatures vanquished.

Vanquished Creatures (others)
  A ghost moth (Spider:2)
  A deep elf death mage (Elf:3)
  A storm dragon zombie (Depths:1)
  A deep elf knight (Elf:3)
  A deep elf pyromancer (Elf:3)
  An iron dragon zombie (Depths:1)
  A tengu zombie (Depths:1)
  5 bloated husks
  2 hornets
  An ettin zombie (Depths:1)
  A phantom (Swamp:4)
  2 orc wizards (Orc:2)
  A swamp drake zombie (Swamp:4)
  14 foxfires
  15 starspawn tentacles (Abyss:3)
48 creatures vanquished.

Grand Total: 2198 creatures vanquished

Notes
Turn   | Place    | Note
-------+----------+-------------------------------------------
     0 | D:5      | GordonOverkill the Tengu Delver began the quest for the
                  | Orb.
     0 | D:5      | Reached XP level 1. HP: 14/14 MP: 2/2
    10 | D:6      | Noticed a black bear
    64 | D:5      | Noticed a hound
   113 | D:5      | Noticed a phantom
   140 | D:4      | Noticed an iguana
   483 | D:3      | Reached XP level 2. HP: 19/19 MP: 3/3
   719 | D:1      | Reached XP level 3. HP: 23/23 MP: 4/4
  1121 | D:2      | Reached skill level 1 in Throwing
  1208 | D:2      | Reached XP level 4. HP: 25/28 MP: 5/5
  1231 | D:2      | Found an ancient bone altar of Kikubaaqudgha.
  1365 | D:2      | Reached skill level 4 in Fighting
  1452 | D:2      | Reached XP level 5. HP: 33/33 MP: 6/6
  1559 | D:2      | Reached skill level 5 in Polearms
  1938 | D:2      | Reached skill level 1 in Armour
  2312 | D:3      | Identified the +1 leather armour of the Volcano {rN++ Str+5
                  | Dex-4}
  2334 | D:3      | Reached XP level 6. HP: 25/38 MP: 7/7
  3140 | D:4      | Noticed Robin
  3162 | D:4      | Killed Robin
  3425 | D:4      | Found a shimmering altar of Xom.
  3856 | D:5      | Gained mutation: Your magical flight helps you evade
                  | attacks. (EV +4) [Tengu growth]
  3856 | D:5      | Reached XP level 7. HP: 43/43 MP: 8/8
  4137 | D:5      | Found a staircase to the Ecumenical Temple.
  4576 | Temple   | Entered the Ecumenical Temple
  4603 | Temple   | Became a worshipper of Trog the Wrathful
  4678 | D:6      | Noticed Sigmund
  4685 | D:6      | Killed Sigmund
  4686 | D:6      | Reached skill level 5 in Fighting
  4894 | D:6      | Reached XP level 8. HP: 48/49 MP: 9/9
  5104 | D:6      | Identified the +9 short sword of Qutu {drain, Contam *Noise
                  | Dex+9 Stlth+}
  5341 | D:6      | Found a sacrificial altar of Ru.
  5659 | D:7      | Reached skill level 6 in Fighting
  5748 | D:7      | Noticed a wyvern
  5758 | D:7      | Killed a wyvern
  6080 | D:7      | Reached skill level 7 in Fighting
  6210 | D:7      | Noticed a manticore
  6211 | D:7      | Reached XP level 9. HP: 57/57 MP: 10/10
  6236 | D:7      | Killed a manticore
  6237 | D:7      | Reached skill level 8 in Fighting
  6258 | D:7      | Reached * piety under Trog
  6454 | D:7      | Noticed a kobold demonologist
  6482 | D:7      | Killed a kobold demonologist
  6483 | D:7      | Reached skill level 10 in Polearms
  6483 | D:7      | Noticed a boulder beetle
  6517 | D:7      | Noticed a cyclops
  6640 | D:8      | Found a stormy altar of Qazlal.
  6704 | D:8      | Reached skill level 9 in Fighting
  6726 | D:8      | Found a sand-covered staircase.
  6743 | Ossuary  | Entered an ossuary
  6810 | Ossuary  | Reached ** piety under Trog
  6954 | Ossuary  | Reached XP level 10. HP: 63/66 MP: 11/11
  7164 | D:8      | Noticed Joseph
  7183 | D:8      | Killed Joseph
  7433 | D:8      | Reached skill level 10 in Fighting
  7684 | D:8      | Noticed Prince Ribbit
  7693 | D:8      | Killed Prince Ribbit
  7756 | D:8      | Noticed Jeremiah
  8020 | D:7      | Noticed a deep elf pyromancer
  8109 | D:7      | Killed a deep elf pyromancer
  8210 | D:7      | Killed a cyclops
  8215 | D:7      | Reached XP level 11. HP: 72/72 MP: 12/12
  8327 | D:7      | Found a white marble altar of Elyvilon.
  8472 | D:7      | Found a snail-covered altar of Cheibriados.
  8481 | D:7      | Found a burning altar of Makhleb.
  8557 | D:7      | Found Sitaashe's General Store.
  8635 | D:7      | Killed a boulder beetle
  8672 | D:7      | Bought a scroll of identify for 30 gold pieces
  8971 | D:8      | Killed Jeremiah
  9073 | D:8      | Found a sparkling altar of Nemelex Xobeh.
  9431 | D:9      | Noticed Pikel
  9452 | D:9      | Killed Pikel
  9453 | D:9      | Reached skill level 1 in Shields
  9800 | D:9      | Found an ancient bone altar of Kikubaaqudgha.
  9815 | D:9      | Found a staircase to the Orcish Mines.
 10273 | D:9      | Found a glowing golden altar of the Shining One.
 10710 | D:10     | Entered Level 10 of the Dungeon
 10717 | D:9      | Reached skill level 5 in Shields
 10734 | D:10     | Found Corhuw's Distillery.
 10890 | D:10     | Reached *** piety under Trog
 11031 | D:10     | Found a shimmering blue altar of Sif Muna.
 11211 | D:10     | Found Geps's Weapon Shop.
 11289 | D:10     | Found a basalt altar of Yredelemnul.
 11675 | D:10     | Identified a scroll of acquirement
 11676 | D:10     | Acquired a manual of Evocations
 11795 | D:10     | Reached XP level 12. HP: 77/77 MP: 13/13
 12106 | D:11     | Found a transporter.
 12112 | D:11     | Found a transporter.
 12113 | D:11     | Found a transporter.
 12156 | D:11     | Noticed Fannar
 12159 | D:11     | Reached skill level 5 in Evocations
 12161 | D:11     | Noticed Erolcha
 12171 | D:11     | Identified the +0 falchion "Ynnepili" {holy, Dex+4 Stlth+}
 12194 | D:11     | Killed Fannar
 12202 | D:11     | Killed Erolcha
 12207 | D:11     | Reached **** piety under Trog
 12494 | D:11     | Noticed a two-headed ogre
 12499 | D:11     | Killed a two-headed ogre
 12500 | D:11     | Reached skill level 10 in Evocations
 12620 | D:11     | Found a staircase to the Lair.
 13114 | D:11     | Found a transporter.
 13226 | Lair:1   | Entered Level 1 of the Lair of Beasts
 13240 | Lair:1   | You are sucked into a shaft and drop 1 floor!
 13779 | Lair:1   | Reached skill level 11 in Fighting
 13797 | Lair:1   | Reached XP level 13. HP: 80/84 MP: 14/14
 14344 | Lair:1   | Reached skill level 12 in Fighting
 15384 | Lair:3   | Found a hole to the Spider Nest.
 15444 | Lair:3   | Reached skill level 13 in Fighting
 15510 | Lair:3   | Noticed Nergalle
 15523 | Lair:3   | Killed Nergalle
 15799 | Lair:3   | Reached skill level 15 in Polearms
 15888 | Lair:3   | Noticed Snorg
 15903 | Lair:3   | Killed Snorg
 16458 | Lair:3   | Found a staircase to the Swamp.
 16599 | Lair:3   | Noticed Sonja
 16606 | Lair:3   | Killed Sonja
 16606 | Lair:3   | Reached ***** piety under Trog
 16991 | Lair:4   | Reached XP level 14. HP: 94/94 MP: 15/15
 17139 | Lair:4   | Reached skill level 14 in Fighting
 17184 | Lair:4   | Reached skill level 5 in Armour
 17591 | Lair:4   | Found a viscous altar of Jiyva.
 17591 | Lair:4   | Found a staircase to the Slime Pits.
 18050 | Lair:5   | Entered Level 5 of the Lair of Beasts
 18067 | Lair:5   | Received a gift from Trog
 19193 | Lair:5   | Reached skill level 10 in Armour
 19375 | Lair:5   | Reached skill level 5 in Dodging
 20879 | Lair:5   | Reached XP level 15. HP: 100/100 MP: 5/16
 20932 | Lair:5   | Found a corrupted altar of Lugonu.
 20932 | Lair:5   | Found a one-way gate to the infinite horrors of the Abyss.
 20937 | Lair:5   | Identified the staff of the Briny Deep {rN+ Earth}
 20944 | Lair:5   | Identified the amulet "Rabbuc" {RegenMP rN+}
 21349 | D:12     | Received a gift from Trog
 21527 | D:12     | Reached skill level 10 in Dodging
 22736 | D:14     | Reached skill level 10 in Shields
 23773 | D:14     | Reached skill level 15 in Fighting
 24072 | D:14     | Identified the +9 sling of Shrieking Terror {antimagic,
                  | Dex+3 SInv}
 24177 | D:14     | Found a gate to the Vaults.
 24310 | D:15     | Entered Level 15 of the Dungeon
 24417 | D:15     | Noticed a storm dragon
 24431 | D:15     | Killed a storm dragon
 24432 | D:15     | Reached XP level 16. HP: 88/110 MP: 5/17
 24447 | D:15     | Reached skill level 16 in Fighting
 24474 | D:15     | Found a staircase to the Depths.
 24738 | D:15     | Found a runed translucent gate.
 24738 | D:15     | Found a runed translucent gate.
 24739 | D:15     | Found a runed translucent gate.
 25056 | D:15     | Noticed Unaitaokh's ghost (journeyman DrMo)
 25247 | D:15     | Reached skill level 17 in Fighting
 25545 | D:15     | Killed Unaitaokh's ghost
 25869 | Orc:1    | Entered Level 1 of the Orcish Mines
 25985 | Orc:1    | Noticed Erica
 25995 | Orc:1    | Killed Erica
 26155 | Orc:1    | Found a frozen archway.
 26167 | IceCv    | Entered an ice cave
 26173 | IceCv    | Received a gift from Trog
 26869 | IceCv    | Reached skill level 18 in Fighting
 26933 | IceCv    | Found an ancient bone altar of Kikubaaqudgha.
 27592 | Orc:2    | Entered Level 2 of the Orcish Mines
 27631 | Orc:2    | Found a staircase to the Elven Halls.
 27705 | Orc:2    | Paralysed by an orc sorcerer for 5 turns
 27726 | Orc:2    | Found Neabb's Assorted Antiques.
 27748 | Orc:2    | Bought a scroll labelled GAFILO KATOUK for 27 gold pieces
 27748 | Orc:2    | Bought a potion of haste for 270 gold pieces
 27790 | Orc:2    | Found Muvypuen's Antique Weapon Emporium.
 27960 | Orc:2    | Found Ivayrod's Antique Armour Shop.
 27960 | Orc:2    | Found Vanuev's Antique Armour Emporium.
 28003 | Orc:2    | Received a gift from Trog
 28721 | Spider:1 | Entered Level 1 of the Spider Nest
 29007 | Spider:1 | Reached skill level 19 in Fighting
 29141 | Spider:1 | Noticed Nikola
 29218 | Spider:1 | Killed Nikola
 29219 | Spider:1 | Reached XP level 17. HP: 116/122 MP: 6/18
 29757 | Spider:1 | Reached ****** piety under Trog
 29768 | Spider:1 | Received a gift from Trog
 29830 | Spider:1 | Noticed Josephine
 29844 | Spider:1 | Killed Josephine
 29968 | Spider:1 | Noticed Roxanne
 29991 | Spider:1 | Killed Roxanne
 30123 | Spider:2 | Noticed Jorgrun
 30137 | Spider:2 | Killed Jorgrun
 30537 | Spider:2 | Reached skill level 20 in Fighting
 32564 | Spider:4 | Entered Level 4 of the Spider Nest
 32572 | Spider:4 | Received a gift from Trog
 33594 | Spider:4 | Noticed Arachne
 33627 | Spider:4 | Killed Arachne
 33867 | Spider:4 | Reached XP level 18. HP: 121/129 MP: 6/19
 34485 | Spider:4 | Got a gossamer rune of Zot
 34949 | Vaults:1 | Entered Level 1 of the Vaults
 35115 | Vaults:1 | Received a gift from Trog
 35672 | Vaults:1 | Found Kyutul's Assorted Antiques.
 35677 | Vaults:1 | Bought 2 potions of heal wounds for 340 gold pieces
 35677 | Vaults:1 | Bought a potion of might for 136 gold pieces
 35677 | Vaults:1 | Bought a scroll of fear for 136 gold pieces
 35677 | Vaults:1 | Bought a scroll of fear for 136 gold pieces
 36559 | Vaults:1 | Reached skill level 15 in Shields
 37667 | Vaults:2 | Noticed Margery
 38017 | Vaults:2 | Found a magical portal.
 38026 | WizLab   | Entered The Roulette of Golubria
 38026 | WizLab   | Found a transporter.
 38029 | WizLab   | Found a corrupted altar of Lugonu.
 38100 | WizLab   | Found a transporter.
 38132 | WizLab   | Found a transporter.
 38144 | WizLab   | Found a corrupted altar of Lugonu.
 38210 | WizLab   | Found a transporter.
 38222 | WizLab   | Found a transporter.
 38254 | WizLab   | Reached XP level 19. HP: 135/135 MP: 6/20
 38402 | WizLab   | Found a transporter.
 38402 | WizLab   | Found a transporter.
 38537 | WizLab   | Found a transporter.
 38559 | WizLab   | Found a transporter.
 38589 | WizLab   | Found a transporter.
 38594 | WizLab   | Found a corrupted altar of Lugonu.
 38677 | WizLab   | Found a transporter.
 38677 | WizLab   | Found a transporter.
 38686 | WizLab   | Reached skill level 15 in Armour
 38715 | WizLab   | Found a transporter.
 38804 | WizLab   | Found a transporter.
 38804 | WizLab   | Found a transporter.
 38918 | WizLab   | Found a transporter.
 39086 | WizLab   | Found a transporter.
 39086 | WizLab   | Found a transporter.
 39086 | WizLab   | Paralysed by an air elemental for 1 turns
 39154 | WizLab   | Found a transporter.
 39239 | WizLab   | Found a transporter.
 39301 | WizLab   | Identified the +0 cloak of Salvation {Rampage rC- Str+6}
 39316 | WizLab   | Identified the +2 cloak "Jymaecw" {rC+ Str+3}
 39317 | WizLab   | Identified the +1 cloak "Fal Doesh" {rN+}
 39435 | Vaults:2 | Noticed an ancient lich
 39482 | Vaults:2 | Killed an ancient lich
 39707 | Vaults:2 | Killed Margery
 40091 | Vaults:2 | Paralysed by Xtahua for 5 turns
 40091 | Vaults:2 | Noticed Bai Suzhen
 40092 | Vaults:2 | Noticed Xtahua
 40288 | Vaults:2 | Reached skill level 21 in Fighting
 40327 | Vaults:2 | Killed Bai Suzhen
 40349 | Vaults:2 | Killed Xtahua
 40634 | Vaults:2 | Paralysed by a formless jellyfish for 1 turns
 40637 | Vaults:2 | Paralysed by a formless jellyfish for 1 turns
 41366 | Vaults:2 | Found a staircase to the Crypt.
 41634 | Vaults:3 | Noticed Sojobo
 42184 | Vaults:2 | Killed Sojobo
 42335 | Vaults:2 | Found a staircase to the Crypt.
 43016 | Vaults:3 | Reached skill level 22 in Fighting
 43182 | Vaults:3 | Found Punniler's Weapon Boutique.
 43495 | Vaults:3 | Found Ewegoclu's Antique Armour Shoppe.
 43502 | Vaults:3 | Found Burghy's Antique Armour Shoppe.
 43616 | Vaults:3 | Bought a pair of shimmering gloves for 323 gold pieces
 43616 | Vaults:3 | Identified the -1 pair of gloves of Sharp Salvation {+Blink
                  | rElec rCorr Dex+4} (You bought it in a shop on level 3 of
                  | the Vaults)
 43788 | Vaults:3 | Found the +1 cloak of Starlight {*Dazzle EV+4 Stlth--}
 43791 | Vaults:3 | You are sucked into a shaft and drop 1 floor!
 43818 | Vaults:4 | Reached XP level 20. HP: 145/145 MP: 7/21
 44400 | Vaults:4 | Identified the +1 ring mail "Loazoid" {rPois Regen+ Str+2
                  | Slay-3}
 44619 | Vaults:3 | Noticed Norris
 44638 | Vaults:3 | Killed Norris
 44752 | Vaults:3 | Found Ufoirch's Book Emporium.
 45258 | Vaults:3 | Noticed Zenata
 45276 | Vaults:3 | Killed Zenata
 45777 | Vaults:3 | Reached skill level 15 in Dodging
 45873 | Vaults:4 | Found Nuez's Jewellery Emporium.
 46347 | Vaults:4 | Received a gift from Trog
 47550 | Swamp:1  | Entered Level 1 of the Swamp
 47561 | Lair:3   | Reached skill level 23 in Fighting
 49014 | Swamp:1  | Reached XP level 21. HP: 153/153 MP: 7/22
 49442 | Depths:1 | Entered Level 1 of the Depths
 49515 | Depths:1 | Found a one-way gate leading to the halls of Pandemonium.
 49925 | Depths:1 | Found a one-way gateway to a ziggurat.
 50887 | Depths:1 | Reached skill level 24 in Fighting
 51192 | Depths:1 | Found a runed translucent door.
 51193 | Depths:1 | Noticed an ancient lich
 51407 | Depths:1 | Killed an ancient lich
 51505 | Depths:1 | Found a runed translucent door.
 51655 | Depths:1 | Found a gateway to Hell.
 52700 | Depths:2 | Found a hide-covered altar of Uskayaw.
 52861 | Depths:1 | Received a gift from Trog
 52940 | Depths:1 | Reached skill level 25 in Fighting
 53226 | Depths:2 | Gained mutation: You occasionally lose the ability to read
                  | scrolls when taking damage. [a cacodemon]
 53229 | Depths:2 | Gained mutation: Armour fits poorly on your strangely
                  | shaped body. [a cacodemon]
 53341 | Depths:2 | Gained mutation: Your magical capacity is low. (-10% MP) [a
                  | cacodemon]
 53352 | Depths:2 | Gained mutation: Your body sometimes deteriorates upon
                  | taking damage. [a cacodemon]
 53362 | Depths:1 | Lost mutation: Your body sometimes deteriorates upon taking
                  | damage. [potion of mutation]
 53362 | Depths:1 | Lost mutation: You occasionally lose the ability to read
                  | scrolls when taking damage. [potion of mutation]
 53362 | Depths:1 | Gained mutation: Your spells are a little easier to cast,
                  | but a little less powerful. [potion of mutation]
 53363 | Depths:1 | Lost mutation: Your spells are a little easier to cast, but
                  | a little less powerful. [potion of mutation]
 53363 | Depths:1 | Lost mutation: Armour fits poorly on your strangely shaped
                  | body. [potion of mutation]
 53363 | Depths:1 | Gained mutation: You are frail. (-10% HP) [potion of
                  | mutation]
 53363 | Depths:1 | Gained mutation: Your system is resistant to poisons.
                  | (rPois) [potion of mutation]
 53363 | Depths:1 | Gained mutation: You occasionally shout uncontrollably at
                  | your foes. [potion of mutation]
 53363 | Depths:1 | Gained mutation: You are partially covered in iridescent
                  | scales. (AC +2) [potion of mutation]
 53364 | Depths:1 | Lost mutation: Your system is resistant to poisons. (rPois)
                  | [potion of mutation]
 53364 | Depths:1 | Lost mutation: Your magical capacity is low. (-10% MP)
                  | [potion of mutation]
 53364 | Depths:1 | Gained mutation: You sometimes lose your temper in combat.
                  | [potion of mutation]
 53365 | Depths:1 | Lost mutation: You are frail. (-10% HP) [potion of
                  | mutation]
 53365 | Depths:1 | Lost mutation: You sometimes lose your temper in combat.
                  | [potion of mutation]
 53365 | Depths:1 | Lost mutation: You occasionally shout uncontrollably at
                  | your foes. [potion of mutation]
 53365 | Depths:1 | Gained mutation: Your system is resistant to poisons.
                  | (rPois) [potion of mutation]
 53365 | Depths:1 | Gained mutation: You are occasionally teleported next to
                  | monsters. [potion of mutation]
 53365 | Depths:1 | Gained mutation: You are somewhat resistant to further
                  | mutation. [potion of mutation]
 53366 | Depths:1 | Lost mutation: You are partially covered in iridescent
                  | scales. (AC +2) [potion of mutation]
 53366 | Depths:1 | Lost mutation: You are occasionally teleported next to
                  | monsters. [potion of mutation]
 53366 | Depths:1 | Gained mutation: Your magical capacity is low. (-10% MP)
                  | [potion of mutation]
 53366 | Depths:1 | Gained mutation: You have sharp fingernails. [potion of
                  | mutation]
 54428 | Depths:2 | Reached XP level 22. HP: 166/166 MP: 6/20
 55270 | Depths:3 | Received a gift from Trog
 55579 | Depths:3 | Reached skill level 26 in Fighting
 56207 | Depths:3 | Identified the +3 great mace of the Scorpion {drain, rElec
                  | Will+ Stlth+}
 56343 | Depths:3 | Found a runed translucent gate.
 56343 | Depths:3 | Found a runed translucent gate.
 56343 | Depths:3 | Found a runed translucent gate.
 56343 | Depths:3 | Found a runed translucent gate.
 56553 | Depths:3 | Found a runed translucent gate.
 56553 | Depths:3 | Found a runed translucent gate.
 57140 | Depths:4 | Entered Level 4 of the Depths
 57200 | Depths:4 | Received a gift from Trog
 57310 | Depths:4 | Found Gozag's Platinum Reserve.
 57314 | Depths:4 | Found an opulent altar of Gozag.
 57389 | Depths:4 | Identified the +4 scale mail of Untold Secrets {*Slow +Inv
                  | rPois Stlth-}
 57617 | Depths:4 | Reached skill level 27 in Fighting
 57983 | Depths:4 | Found a gate to the Realm of Zot.
 59052 | Swamp:2  | Received a gift from Trog
 59059 | Swamp:2  | Identified the +0 helmet of Anaqutwo {rC+ rN+ Int+3}
 59383 | Swamp:2  | Noticed Donald
 59402 | Swamp:2  | Killed Donald
 59563 | Swamp:2  | Identified the +9 shortbow of Crystal {drain, rCorr Int+2
                  | Dex+2}
 59869 | Swamp:3  | Reached XP level 23. HP: 128/175 MP: 7/21
 59980 | Swamp:3  | Noticed Louise
 59994 | Swamp:3  | Killed Louise
 60353 | Swamp:4  | Entered Level 4 of the Swamp
 60612 | Swamp:4  | Received a gift from Trog
 61240 | Swamp:4  | Got a decaying rune of Zot
 61953 | Vaults:5 | Entered Level 5 of the Vaults
 62484 | Vaults:4 | Paralysed by a floating eye for 3 turns
 63704 | Vaults:5 | Found Ipse's Assorted Antiques.
 63717 | Vaults:5 | Bought a scroll of enchant armour for 180 gold pieces
 63717 | Vaults:5 | Bought a potion of curing for 72 gold pieces
 63717 | Vaults:5 | Bought a lightning rod (4/4) for 960 gold pieces
 63930 | Vaults:5 | Received a gift from Trog
 64405 | Vaults:5 | Noticed a golden dragon
 64415 | Vaults:5 | Killed a golden dragon
 65126 | Vaults:5 | Found Setweme's Distillery.
 65130 | Vaults:5 | Got a silver rune of Zot
 65142 | Vaults:5 | Found Webynadgh's Magic Scroll Shop.
 65143 | Vaults:5 | Bought a potion of mutation for 152 gold pieces
 65143 | Vaults:5 | Bought a potion of invisibility for 152 gold pieces
 65143 | Vaults:5 | Bought a potion of cancellation for 152 gold pieces
 65143 | Vaults:5 | Bought a potion of heal wounds for 95 gold pieces
 65143 | Vaults:5 | Bought a potion of heal wounds for 95 gold pieces
 65143 | Vaults:5 | Bought a potion of heal wounds for 95 gold pieces
 65151 | Vaults:5 | Bought a scroll of revelation for 97 gold pieces
 65151 | Vaults:5 | Bought a scroll of silence for 123 gold pieces
 65151 | Vaults:5 | Bought a scroll of teleportation for 39 gold pieces
 65151 | Vaults:5 | Bought a scroll of enchant weapon for 97 gold pieces
 65151 | Vaults:5 | Bought a scroll of enchant weapon for 97 gold pieces
 65174 | Vaults:5 | Found Opiept's Magic Scroll Emporium.
 65294 | Vaults:5 | Noticed a golden dragon
 65304 | Vaults:5 | Killed a golden dragon
 65305 | Vaults:5 | Reached XP level 24. HP: 154/178 MP: 7/21
 65524 | Vaults:5 | Noticed an ancient lich
 65542 | Vaults:5 | Killed an ancient lich
 65619 | Vaults:5 | Noticed an ancient lich
 65633 | Vaults:5 | Killed an ancient lich
 65642 | Vaults:5 | Noticed an ancient lich
 65694 | Vaults:5 | Killed an ancient lich
 65970 | Vaults:5 | Bought 3 scrolls of enchant armour for 315 gold pieces
 65970 | Vaults:5 | Bought a scroll of teleportation for 42 gold pieces
 65970 | Vaults:5 | Bought a scroll of enchant armour for 105 gold pieces
 65970 | Vaults:5 | Bought a scroll of fear for 56 gold pieces
 65978 | Vaults:5 | Found Kody's Magic Scroll Shop.
 65982 | Vaults:5 | Bought a scroll of blinking for 165 gold pieces
 65982 | Vaults:5 | Bought a scroll of enchant armour for 165 gold pieces
 65982 | Vaults:5 | Bought a scroll of teleportation for 66 gold pieces
 65982 | Vaults:5 | Bought a scroll of revelation for 165 gold pieces
 65982 | Vaults:5 | Bought a scroll of teleportation for 66 gold pieces
 65995 | Vaults:5 | Found Ukuejem's Magic Scroll Boutique.
 65999 | Vaults:5 | Bought a scroll of enchant armour for 150 gold pieces
 65999 | Vaults:5 | Bought a scroll of fear for 80 gold pieces
 66086 | Vaults:5 | Found Ronye's Antique Armour Emporium.
 66094 | Vaults:5 | Found Ubutze's Armour Shop.
 66276 | Vaults:5 | Found Cuttan's Book Boutique.
 66382 | Vaults:5 | Found Ytwys's Distillery.
 66383 | Vaults:5 | Found Leacvoe's General Store.
 66391 | Vaults:5 | Bought a scroll of enchant armour for 120 gold pieces
 66562 | Vaults:5 | Bought a potion of curing for 51 gold pieces
 66562 | Vaults:5 | Bought a potion of curing for 51 gold pieces
 66562 | Vaults:5 | Bought a potion of invisibility for 136 gold pieces
 66562 | Vaults:5 | Bought a potion of berserk rage for 85 gold pieces
 66562 | Vaults:5 | Bought a potion of enlightenment for 85 gold pieces
 66562 | Vaults:5 | Bought a potion of resistance for 170 gold pieces
 66562 | Vaults:5 | Bought a potion of degeneration for 17 gold pieces
 66562 | Vaults:5 | Bought a potion of curing for 51 gold pieces
 66562 | Vaults:5 | Bought 2 potions of curing for 102 gold pieces
 66874 | Zot:1    | Entered Level 1 of the Realm of Zot
 67114 | Elf:1    | Entered Level 1 of the Elven Halls
 67131 | Elf:1    | Found Ohojiu's Jewellery Shop.
 67219 | Elf:1    | Found Otiempubu's Magic Scroll Emporium.
 67219 | Elf:1    | Found Wirhatil's Jewellery Shoppe.
 67221 | Elf:1    | Found Amiac's Antique Armour Shoppe.
 67225 | Elf:1    | Found Acsycael's General Store.
 67718 | Elf:1    | Received a gift from Trog
 67901 | Elf:1    | Paralysed by an air elemental for 1 turns
 67904 | Elf:1    | Paralysed by an air elemental for 1 turns
 68368 | Elf:2    | Identified the +3 plate armour of Bihoxt {rF+++}
 68528 | Elf:2    | Found a huge runed translucent gate.
 68528 | Elf:2    | Found a huge runed translucent gate.
 68528 | Elf:2    | Found a huge runed translucent gate.
 68529 | Elf:2    | Found a huge runed translucent gate.
 68530 | Elf:2    | Found a huge runed translucent gate.
 68696 | Elf:2    | Received a gift from Trog
 69883 | Elf:3    | Entered Level 3 of the Elven Halls
 69980 | Elf:3    | Received a gift from Trog
 70252 | Elf:3    | Reached XP level 25. HP: 180/181 MP: 7/21
 71061 | Abyss:3  | Found a corrupted altar of Lugonu.
 71061 | Abyss:3  | Cast into level 3 of the Abyss (a deep elf sorcerer)
 71212 | Abyss:3  | Found a corrupted altar of Lugonu.
 71308 | Abyss:3  | Reached skill level 15 in Evocations
 71342 | Abyss:3  | Got an abyssal rune of Zot
 71361 | Elf:3    | Escaped the Abyss
 71508 | Abyss:3  | Cast into level 3 of the Abyss (a deep elf sorcerer)
 71604 | Abyss:3  | Received a gift from Trog
 71629 | Elf:3    | Escaped the Abyss
 71646 | Elf:3    | Identified the +2 glaive "Hin Iki" {drain, rN+ Str+3 Int+2}
 71654 | Elf:3    | Identified the +4 war axe "Unyschym" {flame, rCorr Int+5}
 71654 | Elf:3    | Identified the +8 chain mail "Vurubr Bofy" {rN+ Regen+
                  | rCorr}
 72003 | Elf:3    | Identified the +3 leather armour of Fun and Games {rC-
                  | Str+3 Int+3}
 72267 | Elf:3    | Identified the +7 short sword of Sanivuin {antimagic, Fly
                  | Dex+4}
 72370 | Elf:3    | Identified the +3 sling "Kasax" {drain, rElec rF+ Will+
                  | Str+2}
 72444 | Elf:3    | Identified the staff of Evisceration {rPois rC+ Int-2
                  | Stlth+ Hexes Ice}
 74009 | Zot:1    | Received a gift from Trog
 74775 | Zot:2    | Noticed Grunn
 74808 | Zot:2    | Killed Grunn
 74815 | Zot:2    | HP: 5/171 [Tzitzimitl/bolt of negative energy[a doom hound]
                  | (21)]
 74817 | Zot:2    | Killed from afar by a Tzitzimitl

Illustrated notes

Levels and vault maps discovered:
D:1:      saegor_arrival_under_anarchy, layout_basic, minmay_misc_feat_enclosed,
          minivault_14, minivault_27
D:2:      minmay_thinvault, layout_rooms, basic_altar
D:3:      layout_loops_corners, minmay_pentangle
D:4:      minmay_evil_eye, layout_rooms, lemuel_coloured_pillars_altar,
          amethyst_killhole, uniq_robin
D:5:      layout_loops_ring, temple_hall
D:6:      layout_loops_ring, nicolae_ru_the_path_less_chosen, uniq_sigmund
D:7:      minmay_the_grid_plus [minmay_the_grid_stretched_grid,
          minmay_the_grid_minigrid_small, minmay_the_grid_rooms,
          minmay_the_grid_empty, minmay_the_grid_prize_big_room],
          layout_loops_ring, nicolae_elyvilon_temple_path,
          mainiacjoe_overflow_big_doors, serial_shops, nicolae_diamond_shop,
          hex_medium, kennysheep_big_empty_room, moated_statue, st_stairs_8
D:8:      layout_cave_pools, mainiacjoe_overflow_surrounded_room,
          nemelex_diamond_rough_becter, nicolae_ossuary_entry_false_entrances,
          chequers_serial_rivers_large_b, nrook_uturn, minmay_joined_circles,
          uniq_jeremiah, uniq_joseph, uniq_prince_ribbit1
D:9:      layout_cave_pods, mainiacjoe_overflow_six_doors_small,
          kiku_gazebo_garden_becter, david_orc_3, minmay_gold_behind_fungi,
          uniq_pikel
D:10:     layout_cave_pools, old_standard_altar, lemuel_round_altar,
          serial_gnoll_camp, gnoll_camp_medium_01, gnoll_camp_mini_shop,
          gnoll_camp_mini_basic, gnoll_camp_huts_basic,
          gnoll_camp_mini_sergeant, serial_shops, shop
D:11:     layout_long_grid, erik_lair_island, nicolae_transporter_circle,
          uniq_fannar, uniq_erolcha
D:12:     layout_basic
D:13:     gargoyle_guard, layout_small_grid, minivault_11
D:14:     layout_irregular_city, grunt_vaults_entry_tiered
D:15:     hellmonk_depths_entry_around_the_bend, layout_basic, serial_curves,
          eino_curves_03, eino_curves_04, gammafunk_ghost_spectres,
          nicolae_figureground_pulse
Temple:   grunt_temple_mini_profane
Lair:1:   layout_long_grid
Lair:2:   layout_loops_ring, serial_forest, infiniplex_forest_corner_1,
          infiniplex_forest_straight_1, infiniplex_forest_straight_3,
          infiniplex_forest_zigzag_1, grunt_megastairs_3, lemuel_fruit_tree
Lair:3:   layout_cave_pods, palyth_hydra_swamp_entry,
          nicolae_spider_entry_tight_spaces, lemuel_fruit_fields,
          lemuel_fruit_fields, uniq_snorg, uniq_nergalle, uniq_sonja
Lair:4:   layout_loops_ring, minmay_slime_entry_oklob_open,
          infiniplex_staircase_pool, serial_bayou_shore_b
Lair:5:   hellmonk_lair_end_abyssal_woods, layout_small_grid, st_stairs_8,
          chequers_serial_rivers_small_a, guppyfry_lair_drakes
Swamp:1:  layout_basic_swamp, evilmike_swamp_ruin_house_2
Swamp:2:  layout_basic_swamp, infiniplex_staircase_pool_2, uniq_donald
Swamp:3:  layout_basic_swamp, evilmike_swamp_ruin_house_5, swamp_pool1,
          uniq_louise
Swamp:4:  swamp_pestilence, layout_basic_swamp
Spider:1: nicolae_spider_obnoxious_hallway, uniq_nikola, uniq_josephine,
          uniq_roxanne
Spider:2: layout_spider_delve, uniq_jorgrun
Spider:3: layout_spider_delve
Spider:4: johnstein_spider_rune_arachne_lair
Orc:1:    layout_caves, portal_ice_cave_rime, mines_bat_river, uniq_erica
Orc:2:    st_orc_town, layout_caves, minmay_orc_temple_a
Elf:1:    layout_geoelf_octagon, serial_shops, nicolae_shop_hallway_stairs,
          minmay_elf_sorcery, grunt_megastairs_4, minmay_shoptagon
Elf:2:    elven_hall_of_blades_hangedman_alternative
          [mumra_blade_entry_bloodbath], layout_gridlike
Elf:3:    elf_hall_gauntlet_narrow, layout_onion_city
Vaults:1: ontoclasm_vaults_twist, ontoclasm_vaults_decontamination,
          nicolae_vaults_shrinking_rooms_1, v_rooms_2, v_misc_25,
          nicolae_vaults_octothorpe, vaults_mumra_hex, vaults_room_door_hall,
          v_misc_4, ontoclasm_vaults_eye, layout_vaults_omnibox, serial_shops,
          nicolae_shop_rolling_square
Vaults:2: mu_enter_wizlab_6, vaults_room_corners,
          minmay_crypt_entry_nasty_monster, nicolae_vaults_theta,
          hangedman_vaults_corner, dpeg_vaults_monster_box,
          nicolae_vaults_tangram_1, nicolae_vaults_lightning_bolt,
          nicolae_vaults_door_testing_chamber, v_misc_16,
          nicolae_vaults_you_can_take_it_with_you, grunt_vaults_hallway_short,
          nicolae_vaults_network_s, layout_vaults_big_cross, uniq_bai_suzhen,
          uniq_margery, uniq_xtahua
Vaults:3: v_alt_pattern_4, nicolae_vaults_wine_cellar, v_misc_9,
          nicolae_vaults_border_crossing, nicolae_vaults_trapezoid_1,
          layout_vaults_omnigrid, serial_shops, nicolae_shop_window_shopping,
          shop, nicolae_shop_tiny_real_fake_doors,
          nicolae_shop_bloodbath_and_beyond, uniq_zenata, uniq_sojobo,
          uniq_norris
Vaults:4: nicolae_vaults_turnstiles, nicolae_vaults_spaceships,
          vaults_room_door_hall, st_lines, nicolae_vaults_tangram_1,
          nicolae_vaults_storage_room_water, v_pattern_1,
          hangedman_vaults_stream, ontoclasm_vaults_ligature,
          nicolae_vaults_trapezoid_lopsided_3, nicolae_vaults_house_1,
          nicolae_vaults_three_branches, layout_vaults_big_room, serial_shops,
          shop
Vaults:5: serial_shops
Depths:1: cheibrodos_witchhunters_guild, layout_gridlike, enter_ziggurat_e,
          hell_entry, chequers_serial_rivers_room_b, rand_demon_pan_entry_9,
          kennysheep_another_room, lemuel_flame_loot_1
Depths:2: minmay_open_boxes_in_corner, layout_gridlike,
          grunt_hell_entry_demonic_statue, rand_demon_pan_entry_4,
          kennysheep_cross_room, nicolae_uskayaw_dance_hall,
          serial_bayou_shore_a, minmay_staircase_statues
Depths:3: kennysheep_treasure_stockpile, layout_gridlike,
          hangedman_abyss_entry_splay, grunt_hell_entry_dis_grunt,
          infiniplex_staircase_pillars_1
Depths:4: grunt_zot_entry_tricorne, layout_cave_pools,
          nicolae_gozag_zags_fifth_avenue, pan_entry, hell_entry
Zot:1:    layout_concentric_octagons
Zot:2:    layout_cellular_growth, uniq_grunn

Skill      XL: |  1  2  3  4  5  6  7  8  9 10 11 12 13 14 15 16 17 18 19 20 21 22 23 24 25 |
---------------+----------------------------------------------------------------------------+-----
Polearms       | 3 4 5 6 8 10 13 14 16 | 16.0
Throwing       | 1 |  1.0
Fighting       | 4 5 7 9 10 11 13 14 15 19 20 22 23 25 27 | 27.0
Armour         | 2 4 10 13 14 15 16 18 | 18.0
Dodging        | 4 8 10 11 15 16 17 18 | 18.0
Evocations     | 4 13 15 | 15.0
Shields        | 8 10 11 15 17 20 22 | 22.4
Stealth        | |  5.0

Action                     |  1- 3 |  4- 6 |  7- 9 | 10-12 | 13-15 | 16-18 | 19-21 | 22-24 | 25-27 || total
---------------------------+-------+-------+-------+-------+-------+-------+-------+-------+-------++-------
  Melee: Spear             |   102 |   180 |       |       |       |       |       |       |       ||   282
         Kick              |    19 |    79 |   116 |   260 |   448 |   627 |   826 |   864 |   270 ||  3509
         Peck              |     8 |    43 |    66 |   168 |   311 |   402 |   514 |   590 |   168 ||  2270
         Trident           |       |   145 |   351 |   830 |   536 |       |       |       |       ||  1862
         Punch             |       |     2 |     2 |     7 |       |       |       |       |       ||    11
         Demon trident     |       |       |       |       |   716 |  1752 |  1773 |  2067 |   599 ||  6907
         Unarmed           |       |       |       |       |       |       |       |     6 |       ||     6
  Throw: Boomerang         |       |     7 |    12 |     1 |    11 |    46 |     9 |     6 |     8 ||   100
         Throwing net      |       |       |       |       |       |       |     3 |       |       ||     3
 Invoke: Berserk           |       |       |       |    20 |    23 |    40 |    44 |    21 |     3 ||   151
         Trog's Hand       |       |       |       |     5 |     4 |     6 |     7 |     9 |     3 ||    34
         Brothers in Arms  |       |       |       |       |     1 |     4 |     1 |       |     1 ||     7
Ability: Evoke Blink       |       |       |       |       |       |       |       |     1 |     1 ||     2
  Evoke: Wand              |       |       |       |       |     5 |     3 |     2 |       |     4 ||    14
         Tin of tremorston |       |       |       |       |       |       |       |     1 |     2 ||     3
    Use: Scroll            |       |     9 |     6 |    15 |    11 |     9 |    11 |    10 |     3 ||    74
         Potion            |       |       |     4 |       |     2 |     3 |    17 |     2 |     7 ||    35
   Stab: Sleeping          |     5 |     9 |       |       |       |       |       |       |       ||    14
         Distracted        |       |       |       |     2 |       |       |       |     2 |     1 ||     5
         Held in net/web   |       |       |       |     1 |       |       |       |       |       ||     1
         Paralysed         |       |       |       |       |     4 |       |       |       |       ||     4
         Petrifying        |       |       |       |       |     2 |       |       |       |       ||     2
         Petrified         |       |       |       |       |     1 |       |       |       |       ||     1
         Invisible         |       |       |       |       |       |       |       |       |    11 ||    11
 Armour: Scale mail        |    36 |    89 |       |       |       |       |       |       |       ||   125
         Leather armour    |     2 |       |       |       |       |       |       |       |       ||     2
         Chain mail        |       |    52 |   137 |   225 |   323 |    10 |       |       |       ||   747
         Storm dragon scal |       |       |       |       |       |   155 |   212 |       |       ||   367
         Plate armour      |       |       |       |       |       |   414 |   325 |   639 |   218 ||  1596
  Dodge: Dodged            |    46 |   179 |   227 |   347 |   420 |   546 |   446 |   608 |   220 ||  3039
  Block: Other             |       |       |       |    39 |       |       |       |       |       ||    39
         Reflection        |       |       |       |    26 |    28 |    63 |    50 |   140 |    15 ||   322
         Kite shield       |       |       |       |   343 |   618 |   620 |       |       |       ||  1581
         Tower shield      |       |       |       |       |       |   449 |  1351 |  1517 |   520 ||  3837

Table legend: (Time is in decaauts)
 A = Elapsed time spent in this place.
 B = Non-inter-level travel time spent in this place.
 C = Inter-level travel time spent in this place.
 D = Time resting spent in this place.
 E = Time spent auto-exploring this place.
 F = Levels seen in this place.
 G = Mean time per level.
                   A        B        C        D        E       F      G
               +--------+--------+--------+--------+--------+-----+--------+
         Total |  73698 |  68438 |   5260 |  23929 |  26270 |  50 | 1474.0 |
       Dungeon |  18471 |  16405 |   2066 |   3861 |   8439 |  15 | 1231.4 |
        Temple |     49 |      2 |     47 |      0 |      0 |   1 |   49.0 |
          Lair |   8754 |   7999 |    755 |   2802 |   3760 |   5 | 1750.8 |
         Swamp |   3548 |   3432 |    116 |   1279 |   1357 |   4 |  887.0 |
   Spider Nest |   6024 |   5668 |    356 |   2212 |   1485 |   4 | 1506.0 |
  Orcish Mines |   1902 |   1680 |    222 |     51 |   1065 |   2 |  951.0 |
   Elven Halls |   4805 |   4634 |    171 |   1296 |   2192 |   3 | 1601.7 |
        Vaults |  16206 |  15255 |    951 |   7219 |   3877 |   5 | 3241.2 |
        Depths |   9127 |   8663 |    464 |   3712 |   2779 |   4 | 2281.8 |
           Zot |   1984 |   1875 |    109 |    589 |    692 |   2 |  992.0 |
         Abyss |    349 |    349 |      0 |      2 |      0 |   2 |  174.5 |
       Ossuary |    233 |    233 |      0 |      0 |     62 |   1 |  233.0 |
      Ice Cave |    898 |    898 |      0 |    372 |    230 |   1 |  898.0 |
        Wizlab |   1344 |   1344 |      0 |    528 |    330 |   1 | 1344.0 |
               +--------+--------+--------+--------+--------+-----+--------+

Top non-repeatable levels by time:
Vaults:2: 3963 daAuts
Vaults:5: 3767 daAuts
Depths:1: 3615 daAuts
Vaults:1: 3244 daAuts
Vaults:4: 3108 daAuts
  Lair:5: 2925 daAuts
  Lair:3: 2399 daAuts
   Elf:3: 2133 daAuts
Vaults:3: 2123 daAuts
Spider:4: 2066 daAuts
Depths:3: 2050 daAuts
Depths:2: 2045 daAuts
     D:7: 1924 daAuts
    D:14: 1728 daAuts
   Elf:2: 1563 daAuts
